 Dungeon Crawl Stone Soup version 0.27.1-1-g398f81649c (webtiles) character file.

Game seed: 16170017803089726162

2711 pokedragonboy the Cleaver (level 9, -1/81 HPs)
             Began as a Hill Orc Monk on Sept 11, 2021.
             Was a Priest of Beogh.
             Slain by Duvessa (3 damage)
             ... on level 7 of the Dungeon.
             The game lasted 00:22:05 (8952 turns).

pokedragonboy the Cleaver (Hill Orc Monk)           Turns: 8952, Time: 00:22:06

Health: -1/81      AC: 16    Str: 17    XL:     9   Next: 66%
Magic:  14/14      EV:  6    Int: 10    God:    Beogh [***...]
Gold:   323        SH:  0    Dex: 13    Spells: 8/8 levels left

rFire    . . .     SeeInvis +   b - +2 bardiche (venom)
rCold    . . .     Faith    .   (shield currently unavailable)
rNeg     . . .     Spirit   .   k - +0 plate armour
rPois    .         Reflect  .   d - +0 helmet
rElec    .         Harm     .   (no cloak)
rCorr    .         Rampage  .   (no gloves)
Will     +....                  g - +1 pair of boots
Stlth    ..........             (no amulet)
HPRegen  0.23/turn              m - ring of see invisible
MPRegen  0.14/turn              R - ring of willpower

@: no status effects
A: no striking features
a: Renounce Religion, Smiting


You were on level 7 of the Dungeon.
You worshipped Beogh.
Beogh was most pleased with you.
You visited 1 branch of the dungeon, and saw 7 of its levels.
You also visited: Sewer and Ossuary.

You collected 323 gold pieces.

Inventory:

Hand Weapons
 a - the +4 hand axe of Uncomfortable Rashes {vorpal, rPois rN+}
   (You found it on level 4 of the Dungeon)

   It inflicts extra damage upon your enemies.
   rPois:     It protects you from poison.
   rN:        It protects you from negative energy.
 b - a +2 bardiche of venom (weapon)
 r - a +2 vorpal flail
 A - a +3 dire flail of holy wrath
Missiles
 y - a throwing net (quivered)
Armour
 d - a +0 helmet (worn)
 g - a +1 pair of boots (worn)
 k - a +0 plate armour (worn)
 H - a +0 tower shield
Jewellery
 f - a ring of ice
 m - a ring of see invisible (left hand)
 I - a ring of magical power
 K - a ring of protection from fire
 R - a ring of willpower (right hand)
Scrolls
 j - a scroll of acquirement
 l - 3 scrolls of teleportation
 p - 2 scrolls of fog
 q - a scroll of vulnerability {unknown}
 s - a scroll of immolation {unknown}
 v - a scroll of silence {unknown}
 z - a scroll of enchant weapon {unknown}
 B - 2 scrolls of torment
 D - 4 scrolls of identify
 F - a scroll of amnesia {unknown}
 J - a scroll of noise {unknown}
 O - a scroll of magic mapping {unknown}
 P - 2 scrolls of blinking {unknown}
Potions
 c - a potion of experience
 e - 5 potions of curing
 h - a potion of attraction {unknown}
 i - 2 potions of heal wounds
 n - 2 potions of might
 o - a potion of flight {unknown}
 t - a potion of haste {unknown}
 u - 2 potions of ambrosia
 w - 3 potions of berserk rage
 x - a potion of degeneration {unknown}
 C - a potion of lignification {unknown}
 G - 2 potions of brilliance {unknown}
 Q - 2 potions of cancellation {unknown}


   Skills:
 + Level 8.0 Fighting
 - Level 9.3(10.0) Axes
 - Level 4.4(6.7) Polearms
 + Level 6.3 Armour
 - Level 2.4 Dodging
 - Level 1.5 Stealth
 - Level 0.5 Shields
 + Level 7.6 Invocations


You had 8 spell levels left.
You didn't know any spells.
Your spell library contained the following spells:

 Spells                   Type           Power      Damage    Failure   Level
 Slow                     Hex            0%         N/A       100%        2
 Confusing Touch          Hex            0%         N/A       100%        3
 Dazzling Flash           Conj/Hex       0%         N/A       100%        3
 Iskenderun's Mystic Bla  Conj/Tloc      0%         2d3       100%        4
 Yara's Violent Unravell  Hex/Tmut       0%         3d3       100%        5
 Starburst                Conj/Fire      0%         6d3       100%        6


Dungeon Overview and Level Annotations

Branches:
Dungeon (7/15)              Sewer (visited)         Ossuary (visited)
 Temple: D:4-7

Altars:
Okawaru
Zin

Shops:
D:7 (

Annotations:
D:7 Duvessa


Message History

Press: ? - help, Dir - move target, f/p - Duvessa
Aim: Duvessa, wielding a +1 short sword of freezing and wearing a +0 chain mail (berserk, ally target, about 32% to evade your +2 bardiche of venom)
You reach to attack!
You slice Duvessa!!
Duvessa looks as sick as possible!
Duvessa is moderately wounded.
Your orc hits Duvessa with a +0 trident.
Duvessa hits you with a +1 short sword of freezing.
Duvessa freezes you.
Your orc barely misses Duvessa.
Duvessa hits you with a +1 short sword of freezing.
Duvessa freezes you.
You hit Duvessa but do no damage.
Duvessa looks as sick as possible!
Duvessa is heavily wounded.
Duvessa hits you with a +1 short sword of freezing!
Duvessa freezes you.
Your orc hits Duvessa but does no damage.
Duvessa hits you with a +1 short sword of freezing!
Duvessa freezes you.
You hit Duvessa but do no damage.
Duvessa looks as sick as possible!
Duvessa is heavily wounded.
Duvessa barely misses you.
Your orc hits Duvessa with a +0 trident.
Duvessa hits you with a +1 short sword of freezing!
Duvessa freezes you.
Your orc hits Duvessa but does no damage.
The ice beast hits you but does no damage.
Duvessa hits you but does no damage.
You hit Duvessa.
Duvessa looks as sick as possible!
Duvessa is heavily wounded.
Duvessa hits you with a +1 short sword of freezing!
Duvessa freezes you. The ice beast hits you. The ice beast freezes you!
* * * LOW HITPOINT WARNING * * *
Your orc barely misses Duvessa.
Duvessa hits you but does no damage.
Your orc hits Duvessa but does no damage.
The ice beast hits you but does no damage.
You hit Duvessa but do no damage.
Duvessa looks as sick as possible!
Duvessa is severely wounded.
Duvessa hits you but does no damage.
Duvessa hits you with a +1 short sword of freezing!
* * * LOW HITPOINT WARNING * * *
Duvessa freezes you.
You die...

##..##....##....
#####..#
#####..........##..##..#
#.).............#####
#...............##..#
#.........(. #..##...
#...........##..##...
#....................
#...)...........##..#
#..o@...........##..#
#...eY...........#...
#.......#######.##...
##......#.....#.##..#
#......#.∩.>.#..#..#
.......#.....#......
#.......#######......
##....########..#####
##....##'####.#


You could see Duvessa (berserk, extremely poisoned, ally target), an ice beast
and a friendly orc.

Vanquished Creatures
  Prince Ribbit (D:5)
  Grinder (D:5)
  A wraith (Ossuary)
  Edmund (D:6)
  Purgy (Sewer)
  A sky beast (D:6)
  3 black bears
  A necrophage (D:6)
  2 ogres
  A phantom (D:5)
  A bullfrog (D:7)
  A gnoll sergeant (D:6)
  5 scorpions
  Dowan (D:7)
  A bullfrog zombie (D:5)
  5 hounds
  2 gnoll shamans (D:7)
  A jelly (D:4)
  An orc priest (D:6)
  A centaur skeleton (D:7)
  An iguana (D:6)
  Ijyb (D:5)
  4 orc wizards
  A mummy (Ossuary)
  13 gnolls
  7 adders
  3 white imps (D:6)
  An ufetubus (D:5)
  A worm (D:5)
  2 dart slugs
  9 orcs
  9 bats
  11 endoplasms
  8 giant cockroaches
  12 hobgoblins
  3 jackals (D:5)
  9 kobolds
  7 quokkas
  9 ball pythons
  10 frilled lizards
  5 gnoll skeletons (Ossuary)
  11 goblins
  A goblin zombie (D:4)
  5 kobold skeletons (Ossuary)
  15 orc skeletons (Ossuary)
  3 rats
  A rat zombie (D:4)
194 creatures vanquished.

Vanquished Creatures (collateral kills)
  An orc (D:7)
1 creature vanquished.

Vanquished Creatures (others)
  An orc wizard (D:5)
  An orc (D:7)
  11 plants
13 creatures vanquished.

Grand Total: 208 creatures vanquished

Notes
Turn   | Place    | Note
-------+----------+-------------------------------------------
     0 | D:1      | pokedragonboy the Hill Orc Monk began the quest for the
                  | Orb.
     0 | D:1      | Reached XP level 1. HP: 19/19 MP: 1/1
   105 | D:1      | Reached XP level 2. HP: 10/27 MP: 2/2
   607 | D:1      | Found a faded altar of an unknown god.
   640 | D:1      | Reached skill level 1 in Invocations
   863 | D:1      | Reached XP level 3. HP: 23/33 MP: 3/3
  1019 | D:1      | Reached skill level 1 in Armour
  2243 | D:2      | Reached XP level 4. HP: 38/40 MP: 5/5
  3616 | D:4      | Noticed an ogre
  3675 | D:4      | Identified the +4 hand axe of Uncomfortable Rashes {vorpal,
                  | rPois rN+}
  3711 | D:4      | Found a sand-covered staircase.
  3730 | Ossuary  | Entered an ossuary
  3730 | Ossuary  | Noticed a wraith
  3730 | Ossuary  | Noticed a wraith
  3730 | Ossuary  | Noticed a wraith
  3765 | Ossuary  | Reached XP level 5. HP: 42/47 MP: 6/6
  3841 | Ossuary  | Noticed a wraith
  3854 | Ossuary  | Killed a wraith
  3855 | Ossuary  | Reached skill level 3 in Axes
  3855 | Ossuary  | Reached XP level 6. HP: 8/55 MP: 6/8
  4247 | D:4      | Noticed a black bear
  4330 | D:4      | Reached skill level 5 in Fighting
  4453 | D:4      | Reached skill level 4 in Axes
  4519 | D:4      | Reached XP level 7. HP: 61/61 MP: 9/9
  4546 | D:4      | Found a glowing silver altar of Zin.
  5402 | D:4      | Reached skill level 5 in Axes
  5438 | D:5      | Entered Level 5 of the Dungeon
  5487 | D:5      | Noticed Prince Ribbit
  5503 | D:5      | Killed Prince Ribbit
  5547 | D:5      | Reached skill level 6 in Axes
  5547 | D:5      | Reached XP level 8. HP: 23/70 MP: 11/11
  5735 | D:5      | Reached skill level 5 in Invocations
  5902 | D:5      | Noticed Grinder
  5920 | D:5      | Killed Grinder
  6060 | D:5      | Reached skill level 7 in Axes
  6373 | D:5      | Became a worshipper of Beogh the Brigand
  6373 | D:5      | Reached * piety under Beogh
  6373 | D:5      | Reached ** piety under Beogh
  6694 | D:5      | Noticed Ijyb
  6713 | D:5      | Killed Ijyb
  6900 | D:6      | Found a glowing drain.
  6906 | D:6      | Reached skill level 5 in Armour
  6921 | Sewer    | Entered a sewer
  6945 | Sewer    | Noticed Purgy
  6962 | Sewer    | Killed Purgy
  6963 | Sewer    | Reached skill level 8 in Axes
  7187 | Sewer    | Identified 2 scrolls of acquirement
  7187 | Sewer    | Acquired a +2 bardiche of venom
  7260 | D:6      | Reached XP level 9. HP: 47/79 MP: 13/13
  7537 | D:6      | Found an iron altar of Okawaru.
  7587 | D:6      | Noticed Edmund
  7612 | D:6      | Killed Edmund
  7621 | D:6      | Reached skill level 9 in Axes
  8534 | D:7      | Reached *** piety under Beogh
  8818 | D:7      | Found Namuhoda's Antique Weapon Boutique.
  8938 | D:7      | Noticed Dowan
  8945 | D:7      | Killed Dowan
  8945 | D:7      | Noticed Duvessa
  8952 | D:7      | HP: 2/81 [Duvessa (14)]
  8952 | D:7      | Slain by Duvessa

Illustrated notes

Levels and vault maps discovered:
D:1:      heliophobic_arrival_glass_houses, layout_basic,
          ebering_ecumenical_altar_webs
D:2:      layout_basic
D:3:      layout_rooms, nrook_mini_backslash
D:4:      layout_gridville, mainiacjoe_overflow_alcove_4, enter_ossuary_4
D:5:      layout_loops_cross, hangedman_decor_push, uniq_grinder,
          uniq_prince_ribbit1, uniq_ijyb
D:6:      layout_loops_ring, kennysheep_little_box, portal_sewer_entry_f,
          minmay_misc_feat_x, uniq_edmund
D:7:      layout_gridville, minmay_temple_entry_gardened_gates,
          nicolae_take_the_stairs, uniq_duvessa

Skill      XL: |  1  2  3  4  5  6  7  8  9 |
---------------+----------------------------+-----
Invocations    | 1 2 3 4 6 7 |  7.6
Armour         | 1 2 3 4 5 6 |  6.3
Fighting       | 4 5 6 7 8 |  8.0
Polearms       | 4 |  4.4
Axes           | 3 4 6 8 9 |  9.3
Dodging        | |  2.4
Stealth        | |  1.5
Shields        | |  0.5

Action                   |  1- 3 |  4- 6 |  7- 9 || total
-------------------------+-------+-------+-------++-------
Melee: Spear             |   189 |   125 |       ||   314
       Hand axe          |       |    74 |   282 ||   356
       Bardiche          |       |       |    42 ||    42
Invok: Convert to Beogh  |       |       |     1 ||     1
  Use: Scroll            |       |     3 |     7 ||    10
       Potion            |       |     2 |     2 ||     4
 Stab: Sleeping          |     8 |     7 |     1 ||    16
       Distracted        |     1 |       |       ||     1
Armor: Robe              |    33 |    56 |     3 ||    92
       Leather armour    |       |       |    23 ||    23
       Ring mail         |       |       |    39 ||    39
       Plate armour      |       |       |   123 ||   123
Dodge: Dodged            |    65 |   103 |   122 ||   290
